 Dungeon Crawl Stone Soup version 0.23.1 (webtiles) character file.

Game seed: 0

131448 Chiseanne the Warrior (level 17, -23/130 HPs)
             Began as an Octopode Monk on Mar 3, 2019.
             Was an Initiate of Gozag.
             Blown up by an orb spider (48 damage)
             ... with an orb of destruction
             ... on level 4 of the Spider Nest on Mar 4, 2019.
             The game lasted 01:52:10 (33290 turns).

Chiseanne the Warrior (Octopode Monk)              Turns: 33290, Time: 01:52:11

Health: -23/130    AC:  5    Str: 17    XL:     17   Next: 10%
Magic:  0/33       EV: 32    Int: 30    God:    Gozag
Gold:   1299       SH:  0    Dex: 21    Spells: 19/40 levels left

rFire    + + .     SeeInvis +   a - +9 dire flail (protect)
rCold    . . .     Gourm    .   (shield currently unavailable)
rNeg     + . .     Faith    .   r - +2 hat
rPois    +         Spirit   +   o - amulet of guardian spirit
rElec    +         Reflect  .   e - ring of positive energy
rCorr    +         Harm     .   D - ring of resist corrosion
MR       +....                  E - ring of see invisible
Stlth    ++++......             G - +2 ring of protection
HPRegen  0.31/turn              M - ring "Carogati" {rPois EV+4 Dex+7}
MPRegen  0.23/turn              p - ring "Kyicw" {rElec rPois Str+4 Int+7 Dex-5}
                                V - ring of Divine Intervention {+Fly rF+}
                                n - ring "Ferayptam" {*Slow rF+ Str+2 Int+9}

@: lethally poisoned (-23 -> -23), gold aura
A: almost no armour, stealthy swim, amphibious, 8 rings, constrict 8, camouflage
1, gelatinous body 1
a: Potion Petition, Call Merchant, Bribe Branch, Renounce Religion, Evoke Flight


You were on level 4 of the Spider Nest.
You worshipped Gozag.
Gozag was most pleased with you.
You were not hungry.

You visited 5 branches of the dungeon, and saw 28 of its levels.
You also visited: Volcano.

You collected 9648 gold pieces.
You spent 3854 gold pieces at shops.
You paid 4495 gold pieces to Gozag.

Inventory:

Hand Weapons
 a - a +9 dire flail of protection (weapon)
 u - the +7 mace of Rikhemofaw {crush, rPois rF+ rN+ Dex+2}
   (You bought it in a shop on level 2 of the Orcish Mines)

   It inflicts extra damage upon your enemies.
   It affects your dexterity (+2).
   It protects you from fire.
   It protects you from poison.
   It protects you from negative energy.
 w - a +9 blowgun
 y - the +9 staff of Olgreb {rPois}
   (You found it on level 9 of the Dungeon)

   It protects you from poison.
 Z - the +8 hand axe "Nopiss" {pain, Str+4 Int+7}
   (You found it on level 11 of the Dungeon)

   In the hands of one skilled in necromantic magic, it inflicts extra damage on
   living creatures.
   It affects your strength (+4).
   It affects your intelligence (+7).
Missiles
 A - 11 curare-tipped needles
Armour
 r - a +2 hat (worn)
Magical Staves
 x - an uncursed staff of wizardry
 L - an uncursed staff of energy
Jewellery
 e - a ring of positive energy (left tentacle)
 g - a +5 amulet of reflection
 n - a ring "Ferayptam" (on tentacle) {*Slow rF+ Str+2 Int+9}
   (You bought it in a shop on level 13 of the Dungeon)

   [ring of strength]

   It affects your strength (+2).
   It affects your intelligence (+9).
   It protects you from fire.
   It may slow you when you take damage.
 o - an amulet of guardian spirit (around mantle)
 p - the ring "Kyicw" (on tentacle) {rElec rPois Str+4 Int+7 Dex-5}
   (You bought it in a shop on level 13 of the Dungeon)

   [ring of poison resistance]

   It affects your strength (+4).
   It affects your intelligence (+7).
   It affects your dexterity (-5).
   It insulates you from electricity.
   It protects you from poison.
 D - a ring of resist corrosion (right tentacle)
 E - a ring of see invisible (on tentacle)
 G - a +2 ring of protection (on tentacle)
 M - the ring "Carogati" (on tentacle) {rPois EV+4 Dex+7}
   (You bought it in a shop on level 7 of the Dungeon)

   [ring of evasion]

   It affects your evasion (+4).
   It affects your dexterity (+7).
   It protects you from poison.
 V - the ring of Divine Intervention (on tentacle) {+Fly rF+}
   (You bought it in a shop on level 7 of the Dungeon)

   [ring of flight]

   It protects you from fire.
   It lets you fly.
Wands
 c - a wand of paralysis (1)
 q - a wand of digging (8)
Scrolls
 h - 3 scrolls of fog
 k - 14 scrolls of remove curse
 l - a scroll of enchant weapon
 z - a scroll of magic mapping
 F - 3 scrolls of blinking
 H - 6 scrolls of identify
 U - 2 scrolls of fear
 W - 3 scrolls of immolation
 X - 6 scrolls of teleportation
Potions
 d - 3 potions of cancellation
 f - 3 potions of invisibility
 i - 3 potions of heal wounds
 j - 3 potions of magic
 s - a potion of agility
 C - 9 potions of curing
 N - 3 potions of might
 Q - 4 potions of resistance
 R - a potion of haste
 Y - 5 potions of berserk rage
Comestibles
 b - 13 rations


   Skills:
 * Level 16.3 Fighting
 - Level 3.0 Axes
 * Level 16.3 Dodging
 - Level 2.6 Stealth
 * Level 12.2 Spellcasting
 * Level 5.6 Hexes
 - Level 10.5 Air Magic
 - Level 8.0 Evocations


You had 19 spell levels left.
You knew the following spells:

 Your Spells              Type           Power        Failure   Level  Hunger
a - Ozocubu's Armour      Chrm/Ice       ###.....     9%          3    None
b - Summon Lightning Spi  Summ/Air       ######..     3%          4    None
c - Confuse               Hex            ######..     1%          3    None
d - Tukima's Dance        Hex            ######..     1%          3    None
e - Ignite Poison         Fire/Tmut/Pois ###.....     9%          3    None
f - Silence               Hex/Air        ######....   2%          5    ##.....

Your spell library contained the following spells:

 Spells                   Type           Power        Failure   Level  Hunger
 Corona                   Hex            ######.      1%          1    None
 Ensorcelled Hibernation  Hex/Ice        #####.       1%          2    None
 Summon Small Mammal      Summ           ###.         2%          1    None
 Dazzling Spray           Conj/Hex       #####.       2%          3    None
 Summon Guardian Golem    Hex/Summ       #####...     2%          3    None
 Call Imp                 Summ           ###.....     4%          2    None
 Call Canine Familiar     Summ           ###.....     9%          3    None
 Lightning Bolt           Conj/Air       ######....   9%          5    ##.....
 Summon Ice Beast         Ice/Summ       ###.....     28%         4    None
 Fireball                 Conj/Fire      ###.......   61%         5    ##.....
 Freezing Cloud           Conj/Ice/Air   #####.....   69%         6    ####...
 Bolt of Fire             Conj/Fire      ###.......   99%         6    ####...
 Ring of Flames           Chrm/Fire      ###.......   100%        7    ######.
 Summon Hydra             Summ           ###.......   100%        7    ######.
 Ignition                 Fire           ###.......   100%        8    #######


Dungeon Overview and Level Annotations

Branches:
Dungeon (15/15)            Temple (1/1) D:4            Lair (6/6) D:11
  Swamp (0/4) Lair:3       Spider (4/4) Lair:4        Slime (0/5) Lair:6
    Orc (2/2) D:11            Elf (0/3) Orc:2        Vaults (0/5) D:13
 Depths (0/5) D:15

Altars:
Cheibriados
Gozag
Kikubaaqudgha
Qazlal
Ru
Uskayaw
Vehumet
Xom
Zin
The Shining One
Beogh
Jiyva

Shops:
D:7 =   D:8 (   D:10 *   D:11 ([(   D:13 =   D:15 }   Orc:2 !((:}

Annotations:
D:4 3 runed translucent doors, Fliddo's ghost, amateur KoHu
D:6 2 runed translucent doors, P0WERM0DE's ghost, novice MiFi
D:9 2 runed translucent doors, exclusion: orange crystal statue, P0WERM0DE's ghost, novice DDFi
D:10 2 runed translucent doors, exclusion: obsidian statue
Spider:3 3 transporters
Spider:4 exclusion: upstairs
Orc:1 3 runed translucent doors, P0WERM0DE's ghost, journeyman DDFi


Innate Abilities, Weirdness & Mutations

You cannot wear most types of armour.
You are very stealthy in the water. (Stealth+)
You are amphibious.
You can wear up to eight rings at the same time.
You can use your tentacles to constrict eight enemies at once.
Your skin changes colour to match your surroundings (Stealth+).
Your rubbery body absorbs attacks. (AC +1, EV +1)


Message History

Press: ? - help, Shift-Dir - straight line, f/p - orb spider
Aim: an orb spider (magical condensation, moderately wounded, poisoned, chance to defeat MR: 51%)
The orb spider resists with significant effort.
Evoke which item? (* to show all) (? for menu, Esc to quit)
Aiming: Paralyse
Press: ? - help, Shift-Dir - straight line, f/p - orb spider
Aim: an orb spider (heavily wounded, poisoned, chance to defeat MR: 51%)
The orb spider suddenly stops moving!
The orb spider looks even sicker.
Wield which item (- for none, * to show all)? (? for menu, Esc to quit)
The smell of chlorine vanishes.
Your +9 dire flail of protection hums with potential!
a - a +9 dire flail of protection (weapon)
The orb spider looks as sick as possible!
The orb spider looks as sick as possible!
Your toxic aura wanes.
You feel sick.
You see here 8 gold pieces.
You kill the orb spider!
The orb of destruction hits you!!!
You die...

,,,,,,.../......^.......^........
,,,,,,..#≈......^................
,,,,,,.≈.........................
,,,,*≈*#.......^.................
,,,******#.......................
,,**#######........○○°°..........
***##..≈##.......○○....°......^..
*###^..≈.#...#$^$☼......°........
*#^........≈##.$@.......°.....^..
##^.......$.##..........°.....^..
#..≈..≈≈..#####..................
#≈.####≈≈..###^..................
#.^#,,##≈.≈##....................
#^≈#,,,#≈..###^..................
#s##,≈,#≈...##...................
.s#,,≈,##..≈##..^#...............
.a#,≈≈,,#..###...................


There were no monsters in sight!

Vanquished Creatures
  Kirke (D:15)
  4 emperor scorpions (Spider:4)
  2 ghost moths (Spider:4)
  A stone giant (Orc:2)
  An entropy weaver (Spider:2)
  Azrael (Orc:1)
  Josephine (D:14)
  4 hydras
  3 ogre magi
  4 centaur warriors
  2 rakshasas (D:15)
  A catoblepas (Lair:6)
  4 two-headed ogres
  19 death yaks
  A death knight (D:11)
  A tengu warrior (D:15)
  A queen ant (Lair:3)
  A deep troll shaman (Lair:6)
  Nergalle (Orc:1)
  2 wizards
  A glowing orange brain (D:15)
  2 unseen horrors (D:12)
  A lindwurm (Lair:6)
  A wolf spider zombie (D:12)
  15 wolf spiders
  12 ugly things
  An oklob plant (Lair:3)
  3 manticores
  7 orb spiders
  4 cyclopes
  4 deep elf magi
  9 orc sorcerers (Orc:2)
  An elephant (shapeshifter) (D:13)
  3 salamanders (Volcano)
  2 centaur zombies
  14 elephants
  A black mamba (Lair:5)
  4 spiny frogs
  A gargoyle (D:13)
  5 torpor snails
  10 komodo dragons
  2 rime drakes
  2 kobold demonologists (D:13)
  An efreet (D:13)
  4 demonic crawlers
  A freezing wraith (D:14)
  A jumping spider (shapeshifter) (D:15)
  4 polar bears
  3 trolls
  16 jumping spiders
  A tyrant leech (Lair:3)
  6 slime creatures (D:15)
  2 hornets
  8 blink frogs
  10 hippogriffs
  A hippogriff (shapeshifter) (D:14)
  2 centaur simulacra (D:12)
  A redback (shapeshifter) (D:15)
  Sigmund (D:6)
  14 tarantellas
  A spriggan (Lair:4)
  2 water elementals (D:14)
  4 wraiths
  4 hogs (D:7)
  A human (D:7)
  32 redbacks
  2 wyverns
  Eustachio (D:4)
  3 basilisks (D:15)
  48 yaks
  5 fire elementals (Orc:2)
  2 hungry ghosts
  2 swamp worms (Lair:3)
  Grum (D:10)
  4 wargs
  Edmund (D:6)
  3 acid dragons
  3 hell hounds (Orc:2)
  8 soldier ants
  16 water moccasins
  13 porcupines
  A swamp drake (Lair:6)
  12 orc warriors
  6 ice beasts
  10 phantoms
  A hornet zombie (D:15)
  3 black bears
  2 necrophages
  4 sky beasts
  11 ogres
  16 centaurs
  26 wolves
  8 crocodiles
  3 big kobolds
  20 bullfrogs
  A gnoll sergeant (D:9)
  8 scorpions
  15 killer bees
  3 wights (D:13)
  2 electric eels
  5 howler monkeys
  A lava snake (D:10)
  2 bullfrog zombies
  7 crimson imps
  3 jellies
  6 bullfrog skeletons
  17 orc priests
  4 hounds
  9 centaur skeletons
  An iguana (D:5)
  32 orc wizards
  44 worker ants
  A killer bee zombie (D:10)
  3 gnolls (D:9)
  A howler monkey zombie (D:7)
  2 howler monkey skeletons
  14 adders
  2 river rats (Lair:6)
  5 shadow imps
  3 white imps (D:12)
  An ufetubus (D:12)
  2 oozes
  7 adder skeletons
  An adder zombie (D:5)
  2 worms
  4 dart slugs
  3 leopard geckos
  88 orcs
  5 bats
  9 giant cockroaches
  10 goblins
  4 hobgoblins
  8 jackals
  7 quokkas
  4 frilled lizards
  18 kobolds
  10 rats
  2 fungi
  2 plants
893 creatures vanquished.

Vanquished Creatures (collateral kills)
  A centaur warrior (D:13)
  A two-headed ogre (D:13)
  3 orb spiders (Spider:4)
  An acid dragon (D:14)
  A centaur (D:14)
7 creatures vanquished.

Vanquished Creatures (others)
  Nessos (Orc:2)
  Erica (D:10)
  A shadow (D:15)
  A soldier ant (shapeshifter) (D:15)
  33 fungi
  29 plants
66 creatures vanquished.

Grand Total: 966 creatures vanquished

Notes
Turn   | Place    | Note
-------+----------+-------------------------------------------
     0 | D:1      | Chiseanne the Octopode Monk began the quest for the Orb.
     0 | D:1      | Reached XP level 1. HP: 16/16 MP: 1/1
   250 | D:1      | Reached XP level 2. HP: 13/21 MP: 2/2
  1121 | D:2      | Reached XP level 3. HP: 26/26 MP: 3/3
  1780 | D:2      | Reached XP level 4. HP: 33/33 MP: 4/4
  1952 | D:3      | Reached XP level 5. HP: 14/38 MP: 5/5
  2845 | D:4      | Noticed an ogre
  2872 | D:4      | Killed an ogre
  2872 | D:4      | Reached skill level 5 in Fighting
  2872 | D:4      | Reached skill level 5 in Dodging
  2872 | D:4      | Reached XP level 6. HP: 45/45 MP: 6/6
  3123 | D:4      | Found a staircase to the Ecumenical Temple.
  3134 | D:4      | Noticed Eustachio
  3146 | Temple   | Entered the Ecumenical Temple
  3151 | Temple   | Became a worshipper of Gozag Ym Sagoz the Greedy
  3166 | D:4      | Killed Eustachio
  3166 | D:4      | Reached XP level 7. HP: 28/51 MP: 7/7
  3388 | D:4      | Found a runed translucent gate.
  3388 | D:4      | Found a runed translucent gate.
  3389 | D:4      | Found a runed translucent gate.
  3391 | D:4      | Noticed Fliddo's ghost (amateur KoHu)
  3688 | D:5      | Entered Level 5 of the Dungeon
  4529 | D:6      | Noticed Sigmund
  4534 | D:6      | Killed Sigmund
  4534 | D:6      | Reached skill level 1 in Evocations
  4534 | D:6      | Reached XP level 8. HP: 60/60 MP: 7/9
  4640 | D:6      | Noticed a +0 dagger
  4640 | D:6      | Noticed a +0 dagger
  4641 | D:6      | Found a hide-covered altar of Uskayaw.
  4691 | D:6      | Noticed Edmund
  4712 | D:6      | Killed Edmund
  5163 | D:6      | Found a large runed translucent door.
  5163 | D:6      | Found a large runed translucent door.
  5164 | D:6      | Noticed P0WERM0DE's ghost (novice MiFi)
  5793 | D:7      | Reached XP level 9. HP: 53/66 MP: 11/11
  6065 | D:7      | Noticed a two-headed ogre
  6070 | D:7      | Killed a two-headed ogre
  6117 | D:7      | Reached skill level 5 in Evocations
  6342 | D:7      | Reached XP level 10. HP: 74/74 MP: 13/13
  6785 | D:8      | Reached skill level 10 in Fighting
  6847 | D:8      | Reached skill level 10 in Dodging
  6930 | D:8      | Found Niguwih's Antique Weapon Boutique.
  7421 | D:9      | Found a runed translucent gate.
  7439 | D:9      | Found a runed translucent door.
  7440 | D:9      | Found a runed translucent gate.
  7449 | D:9      | Found a runed translucent door.
  7452 | D:9      | Found the +9 staff of Olgreb {rPois}
  7698 | D:9      | Noticed an orange crystal statue
  7739 | D:9      | Found a runed translucent gate.
  7967 | D:9      | Reached XP level 11. HP: 82/82 MP: 16/16
  8229 | D:7      | Bought the ring "Carogati" {rPois EV+4 Dex+7} for 742 gold
                  | pieces
  8291 | D:9      | Found a runed translucent door.
  8300 | D:9      | Found a shimmering altar of Xom.
  8300 | D:9      | Noticed P0WERM0DE's ghost (novice DDFi)
  8301 | D:9      | Noticed a +2 scimitar of chaos
  9096 | D:10     | Entered Level 10 of the Dungeon
  9114 | D:10     | Noticed a two-headed ogre
  9122 | D:10     | Killed a two-headed ogre
  9122 | D:10     | Reached skill level 1 in Spellcasting
  9756 | D:10     | Found Rimew's Mass Market.
  9793 | D:10     | Noticed Grum
  9815 | D:10     | Killed Grum
  9831 | D:10     | Noticed Erica
  9845 | D:10     | Killed Erica
  9953 | D:10     | Found a runed translucent door.
 10047 | D:10     | Found a runed translucent door.
 10065 | D:10     | Found a runed translucent door.
 10078 | D:10     | Found a runed translucent door.
 10245 | D:10     | Noticed an obsidian statue
 10543 | D:7      | Bought the ring of Divine Intervention {+Fly rF+} for 378
                  | gold pieces
 10774 | D:11     | Reached XP level 12. HP: 86/91 MP: 17/19
 10929 | D:11     | Found a staircase to the Orcish Mines.
 11102 | D:11     | Found a staircase to the Lair.
 11107 | D:11     | Reached skill level 5 in Spellcasting
 11114 | D:11     | Noticed a death knight
 11136 | D:11     | Killed a death knight
 11507 | D:11     | Found a glowing golden altar of the Shining One.
 11649 | D:11     | Got a translucent hand axe
 11651 | D:11     | Identified the +8 hand axe "Nopiss" {pain, Str+4 Int+7}
                  | (You found it on level 11 of the Dungeon)
 11975 | D:7      | Bought an uncursed ring of protection from fire for 300
                  | gold pieces
 11982 | D:7      | Bought an uncursed amulet of guardian spirit for 360 gold
                  | pieces
 12001 | D:7      | Learned a level 4 spell: Summon Lightning Spire
 12412 | D:12     | Reached skill level 1 in Air Magic
 12876 | D:12     | Identified the Papyrus of Dhcmrlchtdj
 12884 | D:12     | Identified the Incunabulum of Sand
 12890 | D:12     | Learned a level 3 spell: Ozocubu's Armour
 12910 | D:12     | Identified Sif Muna's Handbook of Combed Thunderclap
 13789 | Orc:1    | Entered Level 1 of the Orcish Mines
 13789 | Orc:1    | Noticed Nergalle
 13800 | Orc:1    | Killed Nergalle
 13800 | Orc:1    | Reached XP level 13. HP: 99/99 MP: 23/23
 14060 | Orc:1    | Found a runed translucent gate.
 14069 | Orc:1    | Found a runed translucent gate.
 14070 | Orc:1    | Found a runed translucent gate.
 14071 | Orc:1    | Noticed P0WERM0DE's ghost (journeyman DDFi)
 14443 | Orc:2    | Entered Level 2 of the Orcish Mines
 14755 | Orc:2    | Found Ruekut's Weapon Emporium.
 14768 | D:11     | Bought a runed blowgun for 126 gold pieces
 14799 | Orc:2    | Noticed Nessos
 14801 | Orc:2    | Noticed Azrael
 14816 | Orc:2    | Killed Nessos
 14841 | Orc:2    | Reached skill level 5 in Air Magic
 14944 | Orc:2    | Noticed a stone giant
 15134 | Orc:2    | Killed a stone giant
 15392 | Orc:1    | Killed Azrael
 15695 | Orc:2    | Found a staircase to the Elven Halls.
 15894 | Orc:2    | Found Jiuchao's Distillery.
 15929 | Orc:2    | Bought a potion of resistance for 140 gold pieces
 15929 | Orc:2    | Bought a potion of cancellation for 112 gold pieces
 15929 | Orc:2    | Bought a potion of might for 56 gold pieces
 15929 | Orc:2    | Bought 2 potions of invisibility for 224 gold pieces
 15929 | Orc:2    | Bought a potion of curing for 42 gold pieces
 15942 | Orc:2    | Found an ancient bone altar of Kikubaaqudgha.
 15946 | Orc:2    | Paralysed by an orc sorcerer for 2 turns
 15952 | Orc:2    | Paralysed by an orc sorcerer for 4 turns
 15957 | Orc:2    | Paralysed by an orc sorcerer for 2 turns
 16020 | Orc:2    | Noticed an ogre mage
 16032 | Orc:2    | Found Vopt's Antique Weapon Emporium.
 16039 | Orc:2    | Paralysed by an ogre mage for 5 turns
 16047 | Orc:2    | Killed an ogre mage
 16051 | Orc:2    | Noticed an ogre mage
 16062 | Orc:2    | Killed an ogre mage
 16065 | Orc:2    | Found a radiant altar of Vehumet.
 16071 | Orc:2    | Paralysed by an orc sorcerer for 5 turns
 16109 | Orc:2    | Bought a pitted mace for 216 gold pieces
 16112 | Orc:2    | Identified the +7 mace of Rikhemofaw {crush, rPois rF+ rN+
                  | Dex+2} (You bought it in a shop on level 2 of the Orcish
                  | Mines)
 16149 | Orc:2    | Found a roughly hewn altar of Beogh.
 16149 | Orc:2    | Found Vut Qejo's Book Emporium.
 16168 | Orc:2    | Found Cividghia's Gadget Shoppe.
 16421 | Orc:2    | Found a roughly hewn altar of Beogh.
 16643 | Orc:2    | Bought a wand of digging (4) for 208 gold pieces
 16729 | Lair:1   | Entered Level 1 of the Lair of Beasts
 17838 | Lair:2   | Reached XP level 14. HP: 96/107 MP: 24/26
 18270 | Lair:2   | Learned a level 3 spell: Confuse
 19076 | Lair:3   | Found a staircase to the Swamp.
 19633 | Lair:4   | Found a hole to the Spider Nest.
 21191 | Lair:5   | Found a dark tunnel.
 21361 | Volcano  | Entered a volcano
 21673 | Lair:5   | Found a snail-covered altar of Cheibriados.
 22354 | Lair:6   | Entered Level 6 of the Lair of Beasts
 22618 | Lair:6   | Reached XP level 15. HP: 114/114 MP: 16/28
 22672 | Lair:6   | Reached skill level 10 in Spellcasting
 23307 | Lair:6   | Found a viscous altar of Jiyva.
 23307 | Lair:6   | Found a staircase to the Slime Pits.
 23934 | Lair:6   | Reached skill level 15 in Fighting
 24461 | Lair:6   | Reached skill level 15 in Dodging
 25078 | D:11     | Bought a +0 large shield of positive energy for 136 gold
                  | pieces
 25770 | D:13     | Reached skill level 10 in Air Magic
 25820 | D:13     | Bought a ring "Ferayptam" {*Slow rF+ Str+2 Int+9} for 348
                  | gold pieces
 26153 | D:13     | Found a gate to the Vaults.
 26383 | D:14     | Noticed Josephine
 26393 | D:14     | Killed Josephine
 27058 | D:15     | Entered Level 15 of the Dungeon
 27100 | D:15     | Reached XP level 16. HP: 90/122 MP: 16/31
 27312 | D:15     | Found a sacrificial altar of Ru.
 27684 | D:13     | Bought the ring "Kyicw" {rElec rPois Str+4 Int+7 Dex-5} for
                  | 466 gold pieces
 27707 | D:13     | Learned a level 3 spell: Tukima's Dance
 27922 | D:15     | Found Ynil's Gadget Shop.
 27976 | D:15     | Reached skill level 1 in Hexes
 28288 | D:15     | Noticed Kirke
 28296 | D:15     | Killed Kirke
 28882 | D:15     | Found a staircase to the Depths.
 29152 | D:15     | Learned a level 3 spell: Ignite Poison
 29158 | D:15     | Learned a level 5 spell: Silence
 29398 | Spider:1 | Entered Level 1 of the Spider Nest
 31297 | Spider:3 | Found a transporter.
 31424 | Spider:4 | Entered Level 4 of the Spider Nest
 32484 | Spider:3 | Found the +0 Maxwell's etheric cage {RegenMP+ *Contam rElec
                  | MP+4}
 32487 | Spider:3 | Found a transporter.
 32487 | Spider:3 | Found a transporter.
 32691 | Spider:4 | Reached skill level 5 in Hexes
 33004 | Spider:4 | Reached XP level 17. HP: 104/129 MP: 26/33
 33290 | Spider:4 | Blown up by an orb spider

Skill      XL: |  1  2  3  4  5  6  7  8  9 10 11 12 13 14 15 16 |
---------------+-------------------------------------------------+-----
Fighting       | 4 5 7 8 9 10 12 13 14 15 16 | 16.3
Dodging        | 4 5 7 8 9 10 12 13 14 15 16 | 16.3
Evocations     | 1 3 5 7 8 |  8.0
Spellcasting   | 4 6 8 9 11 12 | 12.2
Air Magic      | 4 6 8 10 | 10.5
Hexes          | 5 |  5.6
Axes           | |  3.0
Stealth        | |  2.6

Action                   |  1- 3 |  4- 6 |  7- 9 | 10-12 | 13-15 | 16-18 || total
-------------------------+-------+-------+-------+-------+-------+-------++-------
Melee: Short sword       |    64 |    83 |    65 |       |       |       ||   212
       Hand axe          |     4 |       |       |       |       |       ||     4
       Constrict         |    23 |    24 |    27 |    85 |   110 |    80 ||   349
       Tentacles         |    12 |    15 |    32 |   138 |   336 |   155 ||   688
       Dire flail        |       |       |    78 |   482 |  1025 |   415 ||  2000
       Staff             |       |       |       |    51 |     2 |       ||    53
Throw: Stone             |       |     1 |     2 |     2 |       |       ||     5
       Tomahawk          |       |       |       |     3 |     2 |       ||     5
 Cast: Summon Lightning  |       |       |       |       |     5 |     1 ||     6
       Ozocubu's Armour  |       |       |       |       |     2 |       ||     2
       Confuse           |       |       |       |       |       |     2 ||     2
Invok: Call Merchant     |       |       |       |     1 |     4 |       ||     5
Evoke: Wand              |       |       |    20 |    22 |    22 |    24 ||    88
       Staff of Olgreb   |       |       |       |     5 |    86 |    29 ||   120
       Sack of spiders   |       |       |       |       |       |    15 ||    15
  Use: Scroll            |    11 |     4 |    13 |    14 |     6 |     7 ||    55
       Potion            |       |     1 |     3 |     3 |     3 |     7 ||    17
 Stab: Sleeping          |     7 |     7 |     7 |    24 |    27 |     4 ||    76
       Distracted        |     1 |       |     1 |     7 |     9 |     4 ||    22
       Invisible         |       |       |     3 |       |       |       ||     3
       Confused          |       |       |       |     1 |       |       ||     1
       Petrified         |       |       |       |       |     5 |       ||     5
       Paralysed         |       |       |       |       |       |    16 ||    16
  Eat: Chunk             |     3 |     4 |       |       |       |       ||     7
       Ration            |       |       |     4 |     7 |    15 |     5 ||    31
Armor: Skin              |     5 |     7 |    11 |    71 |   168 |    92 ||   354
Dodge: Dodged            |    42 |    70 |   113 |   723 |  1848 |  1072 ||  3868
